 Dungeon Crawl Stone Soup version 0.22-a0-414-gacd343e8ff (webtiles) character file.

27 Manul the Slasher (level 3, 0/21 HPs)
             Began as a Tengu Gladiator on May 13, 2018.
             Killed by nerve-wracking pain
             ... invoked by an orc priest
              (12 damage)
             ... on level 2 of the Dungeon.
             The game lasted 00:00:53 (692 turns).

Manul the Slasher (Tengu Gladiator)                  Turns: 692, Time: 00:00:54

Health: 0/21       AC:  5    Str: 14    XL:     3   Next: 10%
Magic:  4/4        EV: 13    Int:  8    God:
Gold:   101        SH:  0    Dex: 16    Spells: 2/2 levels left

rFire    . . .     SeeInvis .   a - +0 long sword
rCold    . . .     Gourm    .   (no shield)
rNeg     . . .     Faith    .   b - +0 leather armour
rPois    .         Spirit   .   c - +0 hat
rElec    .         Reflect  .   (no cloak)
rCorr    .         Harm     .   p - +1 pair of gloves
MR       .....                  (boots unavailable)
Stlth    +.........             (no amulet)
HPRegen  0.07/turn              (no ring)
MPRegen  0.09/turn              (no ring)

@: no status effects
A: beak, talons 3
a: no special abilities


You were on level 2 of the Dungeon.
You were not hungry.

You visited 1 branch of the dungeon, and saw 2 of its levels.

You collected 101 gold pieces.

Inventory:

Hand Weapons
 a - a +0 long sword (weapon)
Missiles
 d - 3 throwing nets (quivered)
Armour
 b - a +0 leather armour (worn)
 c - a +0 hat (worn)
 p - a +1 pair of gloves (worn)
Scrolls
 g - a scroll of enchant weapon {unknown}
 j - 2 scrolls of fog {unknown}
 k - a scroll of teleportation {unknown}
 l - 3 scrolls of identify {unknown}
 n - a scroll of amnesia {unknown}
 o - a scroll of remove curse {unknown}
Potions
 e - a potion of haste {unknown}
 i - a potion of degeneration {unknown}
 m - a potion of curing {unknown}
Comestibles
 f - a ration
 h - a chunk of flesh


   Skills:
 + Level 2.3 Fighting
 + Level 3.9 Long Blades
 + Level 2.1 Throwing
 + Level 3.7 Dodging


You had 2 spell levels left.
You didn't know any spells.
Your spell library was empty.

Dungeon Overview and Level Annotations

Branches:
Dungeon (2/15)

Altars:
Kikubaaqudgha
Okawaru
Vehumet
Xom
The Shining One


Innate Abilities, Weirdness & Mutations

You have a beak for a mouth.
You have claws for feet.


Message History

The orc hits you but does no damage.
You barely miss the orc.
The orc is moderately wounded.
The orc misses you.
You riposte.
You hit the orc.
You kill the orc!
No target in view!
No target in view!
You start resting.
Some of the chunks of flesh in your inventory have rotted away.
An orc priest comes into view. It is wielding a club.
An orc priest is nearby!
You closely miss the orc priest.
The orc priest shouts!
Your peck misses the orc priest.
The orc priest invokes the aid of Beogh against you.
Pain shoots through your body!
The orc priest mumbles some strange prayers to Beogh against you.
Pain shoots through your body!
Ouch! That really hurt!
You die...

## .o o#
#########.#
#.o)....#$#
#.#@<...#.# .#.
#.#######.#....=
#.....o.o.......
#########.#.####
.# .# .# .# .#


You could see an orc priest.

Vanquished Creatures
  An ooze (D:1)
  2 orcs (D:2)
  A giant cockroach (D:1)
  2 hobgoblins (D:1)
  2 jackals (D:1)
  3 bats (D:1)
  A frilled lizard (D:1)
  2 goblins (D:1)
  3 kobolds (D:1)
  4 rats (D:1)
21 creatures vanquished.

Notes
Turn   | Place    | Note
-------+----------+-------------------------------------------
     0 | D:1      | Manul the Tengu Gladiator began the quest for the Orb.
     0 | D:1      | Reached XP level 1. HP: 12/12 MP: 2/2
    94 | D:1      | Reached XP level 2. HP: 17/17 MP: 3/3
   538 | D:1      | Found an iron altar of Okawaru.
   540 | D:1      | Found a shimmering altar of Xom.
   540 | D:1      | Found a bloodstained altar of Trog.
   542 | D:1      | Found a glowing golden altar of the Shining One.
   542 | D:1      | Found a radiant altar of Vehumet.
   542 | D:1      | Found an ancient bone altar of Kikubaaqudgha.
   685 | D:2      | Reached XP level 3. HP: 14/21 MP: 4/4
   692 | D:2      | Killed from afar by an orc priest

Vault maps used:
D:1:      dpeg_arrival_three_same_balls, minmay_door_square, doesnt_xom_only_xom
D:2:      first_ration, hex_large

Action                   || total
-------------------------++-------
Melee: Long sword        ||    35
       Peck              ||     4
       Kick              ||     3
 Stab: Distracted        ||     1
       Sleeping          ||     1
Armor: Leather armour    ||     5
Dodge: Dodged            ||    16
       Rpst.: Long sword ||     7

Table legend:
 A = Spawn XP
 B = Non-spawn XP
 C = Spawn XP percentage of total XP
 D = Spawn monster count
 E = Non-spawn monster count
 F = Spawn count percentage of total count
 G = Total turns spent on level
                    A         B        C        D         E        F      G
               +---------+---------+-------+---------+---------+-------+---------
         Total |       0 |      39 |   0.0 |       0 |      21 |   0.0 |   692
               +---------+---------+-------+---------+---------+-------+---------
           D:1 |       0 |      33 |   0.0 |       0 |      19 |   0.0 |   648
           D:2 |       0 |       6 |   0.0 |       0 |       2 |   0.0 |    44
               +---------+---------+-------+---------+---------+-------+---------
